 Dungeon Crawl Stone Soup version 0.22-a0-525-gf69a0803ab (webtiles) character file.

4678 Deemzul the Fighter (level 10, -7/85 HPs)
             Began as a Formicid Fighter on June 21, 2018.
             Was a Believer of Cheibriados.
             Mangled by a two-headed ogre
             ... wielding a +0 dire flail
              (9 damage)
             ... on level 15 of the Dungeon.
             The game lasted 00:09:03 (7344 turns).

Deemzul the Fighter (Formicid Fighter)              Turns: 7344, Time: 00:09:04

Health: -7/85      AC: 16    Str: 27    XL:     10   Next: 72%
Magic:  10/12      EV:  7    Int: 11    God:    Cheibriados [**....]
Gold:   468        SH: 12    Dex: 16    Spells: 9/9 levels left

rFire    . . .     SeeInvis +   a - +0 war axe
rCold    . . .     Gourm    +   c - +0 shield
rNeg     . . .     Faith    .   u - +1 plate armour
rPois    .         Spirit   .   (helmet unavailable)
rElec    .         Reflect  .   (no cloak)
rCorr    +         Harm     .   j - +0 pair of gloves
MR       +....                  y - +0 pair of boots
Stlth    ..........             C - amulet of the gourmand
HPRegen  0.24/turn              l - ring of resist corrosion
MPRegen  0.13/turn              z - ring of loudness

@: drained, very slow
A: permanent stasis, dig shafts and tunnels, four strong arms, antennae 3
a: Dig, Shaft Self, Bend Time, Renounce Religion


You were on level 15 of the Dungeon.
You worshipped Cheibriados.
Cheibriados was pleased with you.
You were very full.

You visited 2 branches of the dungeon, and saw 14 of its levels.

You collected 468 gold pieces.

Inventory:

Hand Weapons
 a - a +0 war axe (weapon)
Armour
 c - a +0 shield (worn)
 j - a +0 pair of gloves (worn)
 u - a +1 plate armour (worn)
 y - a +0 pair of boots (worn)
Jewellery
 b - an uncursed ring of protection from cold
 l - a ring of resist corrosion (left hand)
 z - a ring of loudness (right hand)
 C - an amulet of the gourmand (around neck)
Wands
 r - a wand of clouds (1)
 t - a wand of iceblast (9)
 v - a wand of polymorph (22)
Scrolls
 g - 13 scrolls of identify
 h - 7 scrolls of remove curse
 i - 2 scrolls of teleportation
 o - a scroll of blinking
 q - a scroll of magic mapping
 x - 3 scrolls of enchant weapon {unknown}
Potions
 d - 3 potions of might
 e - 2 potions of curing
 k - a potion of agility
 p - a potion of degeneration {unknown}
 s - a potion of mutation {unknown}
 w - a potion of flight {unknown}
 A - a potion of resistance {unknown}
 B - a potion of haste {unknown}
Comestibles
 f - 12 rations


   Skills:
 * Level 9.9(9.3) Fighting
 * Level 8.8(8.1) Axes
 + Level 7.3(6.7) Armour
 + Level 8.0(7.4) Shields
 + Level 3.3(2.7) Invocations


You had 9 spell levels left.
You didn't know any spells.
Your spell library contained the following spells:

 Spells                   Type           Power        Failure   Level  Hunger
 Magic Dart               Conj           #...         99%         1    ##.....
 Conjure Flame            Conj/Fire      #.......     100%        3    ####...
 Bolt of Magma            Conj/Fire/Erth #.........   100%        5    ######.
 Slow                     Hex            #.......     100%        2    ###....
 Mephitic Cloud           Conj/Pois/Air  #.......     100%        3    ####...
 Venom Bolt               Conj/Pois      #.........   100%        5    ######.
 Blink                    Tloc           N/A          100%        2    ###....
 Call Imp                 Summ           #.......     100%        2    ###....
 Iron Shot                Conj/Erth      #.........   100%        6    #######
 Orb of Destruction       Conj           #.........   100%        7    #######
 Iskenderun's Battlesphe  Conj/Chrm      #.......     100%        5    ######.
 Spellforged Servitor     Conj/Summ      #.........   100%        7    #######


Dungeon Overview and Level Annotations

Branches:
Dungeon (11/15)            Temple (1/1) D:7
   Lair: D:8-11         Orc: D:9-12

Altars:
Cheibriados
Dithmenos
Elyvilon
Fedhas
Hepliaklqana
Kikubaaqudgha
Makhleb
Nemelex Xobeh
Qazlal
Ru
Trog
Uskayaw
Wu Jian
Xom
Yredelemnul
Zin
The Shining One

Annotations:
D:3 1 runed door, temitten's ghost, amateur GrFi
D:5 1 runed door, levstk's ghost, amateur DrTm


Innate Abilities, Weirdness & Mutations

You cannot be hasted, slowed, berserked, paralysed or teleported.
You can dig through walls and to a lower floor.
Your four strong arms can wield two-handed weapons with a shield.
You have a pair of large antennae on your head. (SInv)


Message History

The arrow hits you but does no damage. The two-headed ogre barely misses you.
The two-headed ogre hits you with a giant club!
* * * LOW HITPOINT WARNING * * *
As you read the scroll labeled EGAZUBR XOWIO, it crumbles to dust.
The dust glows pulsating bronze!
It was a scroll of random uselessness.
The centaur warrior shoots an arrow.
The arrow hits you.
* * * LOW HITPOINT WARNING * * *
Okay, then.
Unknown command.
As you read the scroll labeled BOABOUFASI, it crumbles to dust.
You feel a strange sense of stasis.
It was a scroll of teleportation.
You block the two-headed ogre's attack. x2
The centaur warrior shoots an arrow.
You block the arrow.
As you read the scroll labeled QUYTIH LIQI, it crumbles to dust.
Your stasis prevents you from teleporting.
It was a scroll of blinking.
The centaur warrior shoots an arrow.
The arrow barely misses you.
The arrow barely misses the two-headed ogre.
The two-headed ogre hits you with a dire flail!
You die...

?.. ..#
..# #.###
#... ####
#..#....#
#O....#.#
#@......#
#....####
#....#
#....#
#....#
...#.#
.c....
......#


You could see a centaur warrior and a two-headed ogre.

Vanquished Creatures
  2 two-headed ogres (D:8)
  Prince Ribbit (D:7)
  Duvessa (D:5)
  A water moccasin (D:10)
  3 orc warriors
  2 ice beasts
  A black bear (D:6)
  A phantom (D:7)
  2 ogres
  2 necrophages
  6 centaurs
  2 bullfrogs
  Dowan (D:5)
  2 scorpions
  4 killer bees (D:7)
  A bullfrog zombie (D:5)
  2 howler monkeys
  3 crimson imps
  3 hounds
  2 jellies (D:6)
  An orc priest (D:6)
  3 bullfrog skeletons
  5 orc wizards
  Ijyb (D:5)
  Natasha (thrice) (D:4)
  An iguana (D:5)
  7 worker ants
  A hound skeleton (D:7)
  3 gnolls (D:6)
  A worker ant zombie (D:7)
  2 adders
  A shadow imp (D:6)
  An ooze (D:2)
  5 worms
  A dart slug (D:1)
  4 leopard geckos
  18 orcs
  7 bats
  6 giant cockroaches
  6 goblins
  5 hobgoblins
  11 jackals
  A quokka (D:5)
  4 ball pythons
  3 frilled lizards
  11 kobolds
  A leopard gecko zombie (D:6)
  A quokka skeleton (D:5)
  A quokka zombie (D:6)
  5 rats
162 creatures vanquished.

Vanquished Creatures (others)
  4 withered plants
4 creatures vanquished.

Grand Total: 166 creatures vanquished

Notes
Turn   | Place    | Note
-------+----------+-------------------------------------------
     0 | D:1      | Deemzul the Formicid Fighter began the quest for the Orb.
     0 | D:1      | Reached XP level 1. HP: 18/18 MP: 1/1
    67 | D:1      | Reached XP level 2. HP: 9/24 MP: 2/2
   551 | D:1      | Reached XP level 3. HP: 17/30 MP: 3/3
   905 | D:2      | Found a sparkling altar of Nemelex Xobeh.
  1095 | D:2      | Reached skill level 4 in Fighting
  1095 | D:2      | Reached XP level 4. HP: 24/37 MP: 4/4
  1776 | D:3      | Found a white marble altar of Elyvilon.
  1786 | D:3      | Reached XP level 5. HP: 41/42 MP: 5/5
  1857 | D:3      | Found a runed door.
  1860 | D:3      | Noticed temitten's ghost (amateur GrFi)
  1988 | D:3      | Found a glowing golden altar of the Shining One.
  2123 | D:4      | HP: 2/43 [poisoned by a scorpion]
  2131 | D:4      | HP: 1/43 [poisoned by a scorpion]
  2532 | D:4      | Noticed Natasha
  2559 | D:4      | Killed Natasha
  2559 | D:4      | Reached XP level 6. HP: 13/50 MP: 6/6
  2804 | D:4      | Found a bloodstained altar of Trog.
  2825 | D:4      | Reached skill level 5 in Fighting
  2999 | D:4      | Noticed Natasha
  3008 | D:4      | Killed Natasha
  3089 | D:4      | Noticed Natasha
  3093 | D:4      | Killed Natasha
  3200 | D:5      | Entered Level 5 of the Dungeon
  3258 | D:5      | Found a hide-covered altar of Uskayaw.
  3258 | D:5      | Noticed a dagger
  3259 | D:5      | Noticed a dagger
  3288 | D:5      | Reached skill level 5 in Shields
  3288 | D:5      | Reached XP level 7. HP: 40/56 MP: 7/7
  3387 | D:5      | Noticed Ijyb
  3396 | D:5      | Killed Ijyb
  3450 | D:5      | Noticed Duvessa
  3451 | D:5      | Noticed Dowan
  3464 | D:5      | Killed Duvessa
  3464 | D:5      | Reached skill level 6 in Fighting
  3467 | D:5      | Killed Dowan
  3467 | D:5      | Reached skill level 5 in Axes
  3470 | D:5      | Reached XP level 8. HP: 64/64 MP: 8/8
  3674 | D:5      | Reached skill level 5 in Armour
  3986 | D:5      | Found a runed door.
  3986 | D:5      | Noticed levstk's ghost (amateur DrTm)
  4392 | D:6      | Found a sacrificial altar of Ru.
  4538 | D:6      | Reached skill level 7 in Fighting
  4626 | D:7      | Noticed Prince Ribbit
  4640 | D:7      | Killed Prince Ribbit
  4825 | D:7      | Found a staircase to the Ecumenical Temple.
  4836 | Temple   | Entered the Ecumenical Temple
  4847 | Temple   | Reached XP level 9. HP: 39/72 MP: 9/9
  5009 | Temple   | Became a worshipper of Cheibriados the Contemplative
  5091 | D:7      | Found a burning altar of Makhleb.
  5091 | D:7      | Noticed a green death
  5165 | D:7      | Reached skill level 8 in Fighting
  5180 | D:7      | Found a blossoming altar of Fedhas.
  5328 | D:7      | Reached * piety under Cheibriados
  5938 | D:6      | Reached skill level 9 in Fighting
  5938 | D:6      | Reached XP level 10. HP: 72/83 MP: 10/10
  6349 | D:6      | You fall through a shaft for 3 floors!
  6664 | D:9      | Reached skill level 1 in Invocations
  6704 | D:9      | Noticed a two-headed ogre
  6730 | D:9      | You fall through a shaft!
  6730 | D:10     | Entered Level 10 of the Dungeon
  6744 | D:10     | Reached ** piety under Cheibriados
  7068 | D:8      | Noticed a two-headed ogre
  7077 | D:8      | Killed a two-headed ogre
  7082 | D:8      | Noticed a two-headed ogre
  7092 | D:8      | Killed a two-headed ogre
  7314 | D:8      | Noticed a two-headed ogre
  7325 | D:8      | You fall through a shaft for 3 floors!
  7325 | D:11     | Noticed an eight-headed hydra
  7328 | D:11     | You fall through a shaft for 3 floors!
  7328 | D:14     | Noticed an orc sorcerer
  7328 | D:14     | Noticed a vault guard
  7328 | D:14     | Noticed a gargoyle
  7338 | D:14     | Noticed a vault guard
  7340 | D:14     | You fall through a shaft!
  7340 | D:15     | Entered Level 15 of the Dungeon
  7340 | D:15     | Noticed a centaur warrior
  7340 | D:15     | Noticed a two-headed ogre
  7342 | D:15     | HP: 1/85 [centaur warrior/arrow (4)]
  7344 | D:15     | Mangled by a two-headed ogre

Vault maps used:
D:1:      dpeg_arrival_central, hangedman_feature_mirror,
          kennysheep_decorative_pillar, hangedman_decor_growths
D:2:      nemelex_altar_shiori, minmay_door_square
D:3:      old_standard_altar, lemuel_coloured_pillars_altar,
          gammafunk_ghost_grave
D:4:      old_standard_altar, uniq_natasha
D:5:      dancing_weapons_uskayaw, gammafunk_ghost_grave, first_ration,
          grunt_ministairs_14, uniq_ijyb, uniq_duvessa
D:6:      nicolae_ru_the_path_less_chosen
D:7:      kennysheep_mini, makhleb_altar_promises_db,
          minmay_temple_entry_junction, uniq_prince_ribbit1
D:8:      hangedman_ranch
D:9:      minmay_flawed_box, lemuel_doored_altar, lair_entry_dummy, orc_0_dummy
D:11:     nicolae_trove_entry_path_of_doom, portal_ice_cave_entry_ice_beasts,
          uniq_snorg
D:14:     grunt_vaults_entry_fortified, lemuel_statue_altar, uniq_urug,
          uniq_rupert, uniq_josephine
D:15:     grunt_enter_depths_snipers, lab_entry_generic, serial_bayou_shore_b
Temple:   dshaligram_water_room_temple

Skill      XL: |  1  2  3  4  5  6  7  8  9 10 |
---------------+-------------------------------+-----
Fighting       | 4 5 6 7 9 |  9.9
Shields        | 4 5 6 7 8 |  8.0
Axes           | 3 4 5 6 7 8 |  8.8
Armour         | 4 5 6 7 |  7.3
Invocations    | 3 |  3.3

Action                   |  1- 3 |  4- 6 |  7- 9 | 10-12 || total
-------------------------+-------+-------+-------+-------++-------
Melee: War axe           |   120 |   182 |   265 |    98 ||   665
       Unarmed           |       |       |     8 |       ||     8
Invok: Bend Time         |       |       |       |     1 ||     1
 Abil: Shaft Self        |       |       |       |     5 ||     5
Evoke: Wand              |       |       |     5 |     2 ||     7
  Use: Potion            |       |       |     4 |     1 ||     5
       Scroll            |       |       |     3 |     4 ||     7
 Stab: Confused          |       |       |     2 |     2 ||     4
  Eat: Chunk             |     1 |     6 |     9 |     8 ||    24
       Ration            |       |       |     1 |       ||     1
Armor: Scale mail        |    88 |    64 |       |       ||   152
       Plate armour      |       |    23 |   180 |    47 ||   250
       Skin              |       |       |     5 |       ||     5
Dodge: Dodged            |    48 |    59 |    92 |    28 ||   227
Block: Shield            |    75 |    96 |   184 |    75 ||   430

Table legend:
 A = Spawn XP
 B = Non-spawn XP
 C = Spawn XP percentage of total XP
 D = Spawn monster count
 E = Non-spawn monster count
 F = Spawn count percentage of total count
 G = Total turns spent on level
                    A         B        C        D         E        F      G
               +---------+---------+-------+---------+---------+-------+---------
         Total |       0 |    6683 |   0.0 |       0 |     162 |   0.0 |  7344
               +---------+---------+-------+---------+---------+-------+---------
           D:1 |       0 |      36 |   0.0 |       0 |      21 |   0.0 |   855
           D:2 |       0 |      83 |   0.0 |       0 |      32 |   0.0 |   804
           D:3 |       0 |      71 |   0.0 |       0 |      11 |   0.0 |   665
           D:4 |       0 |     245 |   0.0 |       0 |      12 |   0.0 |   876
           D:5 |       0 |     820 |   0.0 |       0 |      27 |   0.0 |  1164
           D:6 |       0 |    1018 |   0.0 |       0 |      23 |   0.0 |   951
           D:7 |       0 |    1657 |   0.0 |       0 |      21 |   0.0 |   847
           D:8 |       0 |    2205 |   0.0 |       0 |       7 |   0.0 |   393
           D:9 |       0 |     139 |   0.0 |       0 |       3 |   0.0 |   389
          D:10 |       0 |     273 |   0.0 |       0 |       3 |   0.0 |   194
        Temple |       0 |     136 |   0.0 |       0 |       2 |   0.0 |   187
               +---------+---------+-------+---------+---------+-------+---------
